cohdb
Replays
Latest Replays
All Replays
Popular Replays
Top Player Replays
Match Explorer
How It Works
Community
CoH3 Stats
Reddit
Sign in to upload your games and track your stats! →
Sign in with Steam
Match 41540353
Unlisted
Match 41540353
Overview
Messages
Build Orders
End
Scout Squad
Construct Barracks
Construct Barracks
Selects Heavy Weapons
Riflemen Squad
Riflemen Squad
Riflemen Squad
Grenade Package
Construct Medical Station
M1 Mortar Team
Selects M2HB .50cal Heavy Machine Gun
Infantry Support Center
Construct Weapon Support Center
Bazooka Squad
Bazooka Squad
Improved M9 Bazooka Rockets
Advanced Logistics
M1918 Browning Automatic Rifles
Selects Gallant Stand
Selects Black Dragon Artillery Barrage
Selects Assault Carriers
Selects Halftrack Strongpoints
Munitions Surplus
Bazooka Squad
Bazooka Squad
Construct Motor Pool
Construct Tank Depot
M4A1 Sherman Medium Tank
Selects M26 Pershing Heavy Tank
M4A1 Sherman Medium Tank
Engineer Squad
M4A1 Sherman Medium Tank
PUNCHDRUNK
Trion
0
0
Comments
sign in to comment!
No comments posted yet!